 Dungeon Crawl Stone Soup version 0.27-a0-1188-g73eefd5def (webtiles) character file.

Game seed: 16928032841755355131

88 IdlyInterested the Cudgeller (level 4, 0/28 HPs)
             Began as a Gargoyle Monk on May 21, 2021.
             Slain by a crimson imp
             ... wielding a +1 dagger of chaos
              (1 damage)
             ... on level 3 of the Dungeon.
             The game lasted 00:05:56 (2613 turns).

IdlyInterested the Cudgeller (Gargoyle Monk)        Turns: 2613, Time: 00:05:56

Health: 0/28       AC: 12    Str: 16    XL:     4   Next: 54%
Magic:  4/4        EV: 11    Int: 10    God:
Gold:   52         SH:  0    Dex: 12    Spells: 3/3 levels left

rFire    . . .     SeeInvis .   a - +1 mace
rCold    . . .     Faith    .   (no shield)
rNeg     + . .     Spirit   .   p - +0 ring mail
rPois    ∞         Reflect  .   i - +2 helmet
rElec    +         Harm     .   (no cloak)
rCorr    .         Rampage  .   (no gloves)
Will     .....                  (no boots)
Stlth    +.........             (no amulet)
HPRegen  0.09/turn              (no ring)
MPRegen  0.09/turn              (no ring)

@: no status effects
A: sickness immunity, AC +3, negative energy resistance 1, electricity
resistance, torment resistance 1, petrification resistance
a: no special abilities


You were on level 3 of the Dungeon.
You visited 1 branch of the dungeon, and saw 3 of its levels.

You collected 52 gold pieces.

Inventory:

Hand Weapons
 a - a +1 mace (weapon)
 g - a +0 mace
 j - a +0 club
 l - a +0 club
 o - a +0 club
 r - a +0 club
Missiles
 k - 48 stones (quivered)
Armour
 b - a +1 robe
 i - a +2 helmet (worn)
 p - a +0 ring mail (worn)
Magical Staves
 h - a staff of death
Potions
 c - a potion of magic
 f - a potion of flight
 n - a potion of brilliance


   Skills:
 - Level 3.2 Fighting
 + Level 4.6 Maces & Flails
 * Level 2.1 Armour
 - Level 2.4 Dodging
 - Level 2.1 Stealth


You had 3 spell levels left.
You didn't know any spells.
Your spell library contained the following spells:

 Spells                   Type           Power      Damage    Failure   Level
 Animate Skeleton         Necr           0%         N/A       56%         1
 Apportation              Tloc           0%         N/A       56%         1
 Corona                   Hex            0%         N/A       56%         1
 Summon Small Mammal      Summ           0%         N/A       56%         1


Dungeon Overview and Level Annotations

Branches:
Dungeon (3/15)

Altars:
Xom


Innate Abilities, Weirdness & Mutations

You are immune to sickness and miasma.
Your stone body is resilient. (AC +3)
You are immune to poison.
You resist negative energy. (rN+)
You are resistant to electric shocks. (rElec)
You are resistant to unholy torment.
You are immune to petrification.


Message History

You closely miss the crimson imp.
The crimson imp is lightly wounded.
The crimson imp blinks!
You sock the crimson imp!
The crimson imp is heavily wounded.
The crimson imp blinks!
The crimson imp disappears for a moment.
You hit the crimson imp.
The crimson imp is heavily wounded.
The crimson imp hits you with a +1 dagger of chaos.
The crimson imp freezes you.
You sock the crimson imp!
The crimson imp is almost dead.
The crimson imp hits you but does no damage.
The crimson imp hits you with a +1 dagger of chaos.
Space warps horribly around you!!
Ouch! That really hurt!
* * * LOW HITPOINT WARNING * * *
Okay, then.
You closely miss the crimson imp.
The crimson imp is severely wounded.
The crimson imp blinks!
The crimson imp hits you but does no damage.
You miss the crimson imp.
The crimson imp is severely wounded.
The crimson imp barely misses you.
You miss the crimson imp.
The crimson imp is severely wounded.
The crimson imp hits you but does no damage.
You hit the crimson imp.
The crimson imp is severely wounded.
The crimson imp hits you but does no damage.
You barely miss the crimson imp.
The crimson imp is severely wounded.
The crimson imp hits you but does no damage.
You are confused.
You bump into the rock wall.
You feel less confused.
The crimson imp hits you with a +1 dagger of chaos.
You die...

#.###.#
#.#.##
#.#####
.....
#.#.#.#
######
#.#.#^#
#.#...#
#.'._.'
###..5#
#^#5#
#.#@#
####


You could see 2 crimson imps.

Vanquished Creatures
  A gnoll (D:2)
  3 adders (D:2)
  2 endoplasms
  2 giant cockroaches (D:1)
  6 hobgoblins
  8 jackals
  4 quokkas
  5 ball pythons
  6 bats
  3 frilled lizards
  3 goblins
  2 kobolds (D:2)
  5 rats
50 creatures vanquished.

Notes
Turn   | Place    | Note
-------+----------+-------------------------------------------
     0 | D:1      | IdlyInterested the Gargoyle Monk began the quest for the
                  | Orb.
     0 | D:1      | Reached XP level 1. HP: 14/14 MP: 1/1
   309 | D:1      | Reached XP level 2. HP: 14/19 MP: 2/2
   318 | D:1      | Reached skill level 1 in Armour
   829 | D:1      | Reached XP level 3. HP: 20/23 MP: 3/3
   998 | D:1      | Found a faded altar of an unknown god.
  1473 | D:2      | Reached skill level 4 in Maces & Flails
  1721 | D:2      | HP: 1/23 [gnoll/+0 spear (6)]
  1723 | D:2      | Reached XP level 4. HP: 1/28 MP: 4/4
  2586 | D:3      | Found a shimmering altar of Xom.
  2607 | D:3      | HP: 1/28 [crimson imp/+1 dagger of chaos (19)]
  2613 | D:3      | Slain by a crimson imp

Illustrated notes

Levels and vault maps discovered:
D:1:      minmay_arrival_up_and_down, layout_loops_ring,
          chequers_ecumenical_altar_grove
D:2:      layout_loops_cross, serial_glass, glass_columns_c, glass_columns_a,
          minmay_tromino_v7
D:3:      layout_loops_cross, led_xom_imps

Skill      XL: |  1  2  3  4 |
---------------+-------------+-----
Armour         | 1 2 |  2.1
Maces & Flails | 4 |  4.6
Fighting       | |  3.2
Dodging        | |  2.4
Stealth        | |  2.1

Action                   |  1- 3 |  4- 6 || total
-------------------------+-------+-------++-------
Melee: Mace              |   128 |    61 ||   189
  Use: Scroll            |     3 |     3 ||     6
       Potion            |     1 |     1 ||     2
 Stab: Sleeping          |     9 |     1 ||    10
Armor: Robe              |    52 |     9 ||    61
       Ring mail         |       |    28 ||    28
Dodge: Dodged            |    90 |    40 ||   130

Table legend: (Time is in decaauts)
 A = Elapsed time spent in this place.
 B = Non-inter-level travel time spent in this place.
 C = Inter-level travel time spent in this place.
 D = Time resting spent in this place.
 E = Time spent auto-exploring this place.
 F = Levels seen in this place.
 G = Mean time per level.
                   A        B        C        D        E       F      G
               +--------+--------+--------+--------+--------+-----+--------+
         Total |   2650 |   2577 |     73 |    897 |   1143 |   3 |  883.3 |
       Dungeon |   2650 |   2577 |     73 |    897 |   1143 |   3 |  883.3 |
               +--------+--------+--------+--------+--------+-----+--------+

Top non-repeatable levels by time:
     D:1: 1360 daAuts
     D:2: 1213 daAuts
     D:3: 76 daAuts
